Map: Cyber Forest LE

Players

MilkiCow - Winner!

  • Race: Terran Terran
  • Spawn Location: 5:00

HydraOrc

  • Race: Protoss Protoss
  • Spawn Location: 11:00

Event: 2019 WCS Summer

VOD

Have the link to the VOD?

Description

Time

  • Played on: July 12, 2019, 6:20 a.m.
  • Length: 10:01

All games in this series

Show
View Real Time Build Order
Export as new Build Order

MilkiCow Terran - Winner!

Build Orders:  

Get SALT Encoding   

  12  0:00  SCV  
  13  0:13  SCV  
  14  0:17  Supply Depot  
  14  0:25  SCV  
  15  0:38  SCV  
  15  0:40  Barracks  
  16  0:43  Refinery  
  16  0:50  SCV  
  17  1:03  SCV  
  18  1:15  SCV  
  19  1:27  Barracks Reactor  
  19  1:28  Orbital Command  
  19  1:45  Command Center  
  19  1:53  Supply Depot  
  19  1:58  SCV  
  20  2:03  Marine  
  20  2:04  Marine  
  22  2:10  SCV  
  22  2:17  Factory  
  22  2:21  Marine  
  23  2:23  Marine  
  23  2:28  SCV  
  25  2:32  Refinery  
  25  2:38  Marine  
  25  2:40  SCV  
  25  2:41  Marine  
  28  2:53  SCV  
  29  3:03  Starport  
  29  3:04  Orbital Command  
  29  3:05  SCV  
  30  3:10  Hellion  
  32  3:17  Hellion  
  32  3:19  SCV  
  35  3:24  Barracks Tech Lab  
  34  3:34  Orbital Command, SCV  
  34  3:46  SCV  
  32  3:58  SCV, Hellion x2  
  32  4:00  SCV  
  32  4:02  Supply Depot  
  37  4:04  Barracks Tech Lab, Cloaking Field  
  37  4:05  Banshee  
  40  4:10  SCV  
  40  4:13  Bunker  
  41  4:17  SCV  
  41  4:18  Bunker  
  41  4:23  SCV  
  43  4:29  Siege Tank, SCV  
  46  4:35  SCV  
  46  4:37  Marine  
  46  4:38  Marine  
  47  4:41  SCV  
  47  4:47  SCV  
  47  4:48  Banshee  
  48  4:55  Marine  
  48  4:57  Marine  
  48  5:00  SCV  
  48  5:04  SCV  
  48  5:15  Siege Tank, Marine x2  
  48  5:17  Supply Depot  
  50  5:27  SCV  
  48  5:30  Banshee  
  48  5:32  Marine, SCV  
  53  5:39  SCV  
  53  5:42  Barracks, Marine  
  53  5:44  SCV  
  53  5:46  Refinery, Supply Depot  
  53  5:48  Siege Tank  
  58  5:51  SCV  
  58  5:56  SCV  
  60  5:57  Engineering Bay  
  60  5:59  Marine  
  60  6:03  SCV  
  62  6:05  Barracks  
  62  6:09  SCV  
  62  6:10  Supply Depot  
  63  6:11  Refinery  
  63  6:12  Marine  
  64  6:20  SCV  
  64  6:21  Bunker  
  64  6:25  Terran Infantry Weapons Level 1  
  65  6:26  SCV  
  65  6:27  Starport Reactor  
  65  6:30  Missile Turret  
  65  6:31  Marine x2  
  68  6:38  Factory Reactor  
  66  6:42  SCV  
  66  6:44  Stimpack, Bunker  
  66  6:46  Marauder  
  66  6:47  SCV  
  70  6:49  Marine x2  
  70  6:54  SCV  
  72  6:59  Barracks  
  72  7:00  Barracks  
  72  7:07  Marine, SCV  
  72  7:08  Marauder x2  
  78  7:14  Supply Depot  
  78  7:15  Supply Depot  
  78  7:36  Marauder x2, Marine, Widow Mine, Medivac x2  
  89  7:38  Combat Shield  
  89  7:44  Supply Depot  
  89  7:56  Supply Depot  
  89  7:58  Marine, Marauder x2  
  93  7:59  Widow Mine x2  
  93  8:02  SCV  
  93  8:04  Barracks Reactor, Barracks Tech Lab  
  99  8:12  Supply Depot  
  99  8:16  Marine  
  99  8:17  Medivac x2  
  99  8:19  Marauder x2  
  105  8:20  Supply Depot  
  105  8:25  Marauder  
  111  8:29  Concussive Shells  
  111  8:32  Starport  
  107  8:41  Marauder  
  106  8:42  Marauder  
  106  8:44  Marine x3  
  106  8:45  Marine  
  106  8:46  Marauder  
  113  8:52  Viking  
  115  9:01  Marine  
  115  9:02  Marauder  
  113  9:05  Marauder, Marine  
  113  9:07  Viking  
  113  9:08  Marine, Marauder  
  120  9:19  Marine  
  120  9:23  Marine x2  
  120  9:24  Marauder  
  124  9:27  Marauder  
  124  9:29  Marauder  
  124  9:30  Marine  
  127  9:37  Marine  
  124  9:43  SCV x2  
Show
View Real Time Build Order
Export as new Build Order

HydraOrc Protoss 

Build Orders:  

Get SALT Encoding   

  12  0:00  Probe  
  13  0:12  Probe  
  14  0:18  Pylon  
  14  0:24  Probe  
  15  0:31  Pylon  
  15  0:33  Probe  
  15  0:41  Probe  
  17  0:50  Gateway  
  17  0:58  Assimilator  
  17  0:59  Probe  
  18  1:11  Probe  
  19  1:23  Probe  
  20  1:35  Probe  
  20  1:38  Cybernetics Core  
  20  1:39  Zealot  
  23  1:47  Probe  
  24  1:59  Nexus  
  24  2:06  Stalker  
  24  2:10  Probe  
  25  2:17  Warp Gate  
  25  2:18  Assimilator  
  25  2:22  Probe  
  28  2:26  Pylon  
  28  2:34  Probe  
  28  2:36  Stalker  
  31  2:46  Gateway  
  31  2:54  Probe  
  32  3:06  Stalker, Probe  
  32  3:07  Gateway  
  33  3:18  Probe x2  
  35  3:36  Probe  
  35  3:37  Robotics Facility  
  36  3:50  Probe  
  36  3:52  Pylon  
  36  3:55  Shield Battery  
  35  4:02  Probe, Pylon  
  34  4:05  Probe  
  34  4:07  Stalker x2  
  39  4:11  Adept  
  39  4:15  Probe  
  42  4:25  Probe  
  42  4:28  Probe  
  44  4:35  Stalker x3  
  48  4:59  Probe  
  49  5:01  Probe  
  49  5:02  Observer  
  47  5:08  Robotics Bay  
  47  5:11  Probe, Pylon  
  47  5:13  Stalker x3, Probe  
  49  5:23  Probe  
  49  5:25  Probe  
  49  5:27  Immortal  
  55  5:35  Probe  
  56  5:36  Assimilator  
  56  5:37  Probe  
  56  5:38  Assimilator  
  56  5:39  Zealot x2  
  56  5:41  Stalker  
  61  5:47  Probe  
  61  5:49  Shield Battery  
  63  5:50  Probe  
  63  5:51  Pylon  
  63  5:55  Pylon  
  63  5:59  Probe  
  64  6:07  Gateway  
  64  6:10  Gateway  
  64  6:11  Probe  
  64  6:13  Stalker  
  64  6:15  Probe  
  64  6:16  Twilight Council  
  68  6:19  Probe  
  68  6:21  Colossus  
  69  6:29  Extended Thermal Lance  
  75  6:40  Charge  
  73  6:52  Nexus  
  73  6:54  Probe x2, Pylon  
  71  7:03  Stalker  
  71  7:06  Probe  
  71  7:07  Probe  
  68  7:09  Shield Battery  
  68  7:12  Observer  
  63  7:18  Probe  
  63  7:20  Probe  
  58  7:30  Observer  
  58  7:31  Probe  
  61  7:37  Probe  
  61  7:43  Probe  
  62  7:49  Probe  
  62  7:55  Probe  
  62  8:01  Probe  
  62  8:02  Stalker  
  62  8:03  Stalker  
  67  8:07  Probe  
  67  8:11  Zealot x2  
  72  8:21  Probe  
  73  8:28  Zealot x2  
  73  8:33  Templar Archives  
  77  8:34  Probe x3  
  80  8:43  Zealot x2  
  84  8:50  Zealot x2  
  88  9:02  Probe x2  
  90  9:08  Zealot x2  
  90  9:12  Zealot x2  
  90  9:15  Probe x3  
  85  9:27  Probe x2  
  85  9:36  Zealot x4  
  70  9:55  Nexus  
  70  9:59  Pylon  
Tags
 
Add a new tag
Caveats
  • Supply blocks, unpowered buildings, or Contaminate may cause inaccurate times.
  • Supply counts are checked every 10 seconds.